 Dungeon Crawl Stone Soup version 0.31-a0-844-gdc52ec4e09 (webtiles) character file.

Game seed: 10750432414107421805

71 Kurtz the Chopper (level 4, -1/31 HPs)
             Began as an Octopode Fighter on Oct 1, 2023.
             Slain by an orc
             ... wielding a +0 mace
              (3 damage)
             ... on level 2 of the Dungeon.
             The game lasted 00:00:48 (1645 turns).

Kurtz the Chopper (Octopode Fighter)                Turns: 1645, Time: 00:00:49

Health: -1/31      AC:  1    Str: 15    XL:     4   Next: 24%
Magic:  4/4        EV: 13    Int: 10    God:
Gold:   83         SH:  4    Dex: 13    Spells: 3/3 levels left

rFire   . . .        a - +0 war axe
rCold   . . .        b - +0 buckler
rNeg    . . .        (helmet restricted)
rPois   .            (no amulet)
rElec   .            (no ring)
rCorr   .            (no ring)
SInv    .            (no ring)
Will    .....        (no ring)
Stlth   ++           (no ring)
HPRegen 0.25/turn    (no ring)
MPRegen 0.09/turn    (no ring)
                     (no ring)

%: no passive effects
@: no status effects
A: almost no armour, amphibious, 8 rings, camouflage 1, gelatinous body 1,
(nimble swimmer 1), tentacles
a: no special abilities


You were on level 2 of the Dungeon.
You visited 1 branch of the dungeon, and saw 3 of its levels.

You collected 83 gold pieces.

Inventory:

Hand Weapons
 a - a +0 war axe (weapon)
Missiles
 i - 4 poisoned darts
Armour
 b - a +0 buckler (worn)
Scrolls
 d - a scroll of torment {unknown}
 g - a scroll of identify {unknown}
 h - 2 scrolls of amnesia {unknown}
Potions
 c - a potion of might
 e - a potion of haste {unknown}
 f - a potion of degeneration {unknown}


   Skills:
 - Level 3.0 Fighting
 * Level 4.4 Axes
 - Level 3.0 Dodging
 - Level 3.0 Shields


You had 3 spell levels left.
You didn't know any spells.
Your spell library contained the following spells:

 Spells                   Type           Power      Damage    Failure   Level
 Sublimation of Blood     Necr           0%         N/A       58%         2
 Wereblood                Tmut           0%         N/A       58%         2
 Summon Hydra             Summ           0%         N/A       100%        7


Dungeon Overview and Level Annotations

Branches:
Dungeon (3/15)

Altars:

Shops:
D:3 =


Innate Abilities, Weirdness & Mutations

You cannot wear most types of armour.
You are amphibious.
You can wear up to eight rings at the same time.
Your skin changes colour to match your surroundings (Stealth+).
Your rubbery body absorbs attacks. (AC +1, EV +1)
((You are camouflaged when in or above water. (Stealth+)))
You have tentacles for arms and can constrict up to eight enemies at once.


Message History

There is a stone staircase leading up here.
There are monsters nearby!
There are monsters nearby!
An orc comes into view. It is wielding a +0 mace.
Found Great Wizards, Vol.
II.
Found Zangen Rokus's Jewellery Shoppe.
There are monsters nearby!
An orc priest comes into view. It is wielding a +0 hand axe.
Found an escape hatch in the floor.
There are monsters nearby!
There are monsters nearby!
The helpless orc priest fails to defend itself.
You hit the orc priest. Your grab misses the orc priest.
You squeeze the orc priest.
The orc priest is almost dead.
The orc priest calls down the wrath of Beogh upon you.
Pain shoots through your body!
You closely miss the orc priest. Your grab misses the orc priest.
You squeeze the orc priest.
You kill the orc priest!
Your Axes skill increases to level 4!
You have reached level 4!
The orc priest looks braver for a moment.
The orc attacks as it pursues you! The orc hits you with a +0 mace!
The orc attacks as it pursues you! You block the orc's attack.
The goblin shouts!
The orc attacks as it pursues you! The orc misses you.
There is a stone staircase leading up here.
The orc hits you with a +0 mace!
* * * LOW HITPOINT WARNING * * *
You climb upwards.
There is a stone staircase leading down here.
You barely miss the orc. You grab the orc. You squeeze the orc.
The orc is lightly wounded.
You constrict the orc. The orc closely misses you.
You barely miss the orc.
The orc is heavily wounded.
You constrict the orc. The orc hits you with a +0 mace.
* * * LOW HITPOINT WARNING * * *
The orc hits you with a +0 mace.
You die...

#.##.###.#######.##
#........# #.# ####.#####
#.# #.# ##'## #.# ##...##
#.#### ##.....## #....#
##......)##
#...o####......)..###
#<..@...+.........'..
#######...####.........###
#).......######.......## #
#.###.>.....# ##.....## #
#.###....##.# ##...## #
#........##.# ##'## #
#####.#####.# #.# #
#.#####.# #.# #
#.......######.## #


You could see an orc.

Vanquished Creatures
  An orc priest (D:3)
  An adder (D:2)
  A worm (D:2)
  2 ball pythons (D:2)
  An endoplasm (D:2)
  2 giant cockroaches (D:2)
  A goblin (D:1)
  4 hobgoblins
  2 jackals (D:2)
  6 kobolds
  A quokka (D:2)
  A bat (D:1)
  4 frilled lizards
  4 rats
31 creatures vanquished.

Notes
Turn   | Place    | Note
-------+----------+-------------------------------------------
     0 | D:1      | Kurtz the Octopode Fighter began the quest for the Orb.
     0 | D:1      | Reached XP level 1. HP: 16/16 MP: 1/1
   260 | D:1      | Reached XP level 2. HP: 21/21 MP: 2/2
   726 | D:2      | Reached skill level 3 in Axes
  1168 | D:2      | Reached XP level 3. HP: 26/26 MP: 3/3
  1631 | D:3      | Found Zangen Rokus's Jewellery Shoppe.
  1636 | D:3      | Reached skill level 4 in Axes
  1636 | D:3      | Reached XP level 4. HP: 18/31 MP: 4/4
  1645 | D:2      | Slain by an orc

Illustrated notes

Levels and vault maps discovered:
D:1:      ncdulo_smallfort, layout_basic, minmay_misc_feat_secret_circle
D:2:      layout_loops_corners
D:3:      wander_river, layout_rooms, shapermc_ecumenical_altar_ellora,
          serial_shops, shop, shop, nicolae_shop_drivethru,
          nicolae_shop_tiny_glass, uniq_sigmund

Skill      XL: |  1  2  3 |
---------------+----------+-----
Axes           | 3 4 |  4.4
Fighting       | |  3.0
Dodging        | |  3.0
Shields        | |  3.0

Action                     |  1- 3 |  4- 6 || total
---------------------------+-------+-------++-------
  Melee: War axe           |    53 |     2 ||    55
         Constrict         |    10 |     1 ||    11
         Tentacles         |     9 |     1 ||    10
   Stab: Sleeping          |     7 |       ||     7
 Armour: Skin              |    18 |     4 ||    22
  Dodge: Dodged            |    30 |     2 ||    32
  Block: Buckler           |    11 |     1 ||    12

Table legend: (Time is in decaauts)
 A = Elapsed time spent in this place.
 B = Non-inter-level travel time spent in this place.
 C = Inter-level travel time spent in this place.
 D = Time resting spent in this place.
 E = Time spent auto-exploring this place.
 F = Levels seen in this place.
 G = Mean time per level.
                   A        B        C        D        E       F      G
               +--------+--------+--------+--------+--------+-----+--------+
         Total |   1666 |   1579 |     87 |      0 |   1376 |   3 |  555.3 |
       Dungeon |   1666 |   1579 |     87 |      0 |   1376 |   3 |  555.3 |
               +--------+--------+--------+--------+--------+-----+--------+

Top non-repeatable levels by time:
     D:2: 976 daAuts
     D:1: 676 daAuts
     D:3: 14 daAuts
